 Dungeon Crawl Stone Soup version 0.29-a0-187-ga23d9638d5 (webtiles) character file.

Game seed: 12724239698302410571

88 cyrus the Skirmisher (level 4, -3/41 HPs)
             Began as a Hill Orc Fighter on Feb 21, 2022.
             Was a Believer of Vehumet.
             Slain by an ogre (20 damage)
             ... on level 3 of the Dungeon.
             The game lasted 00:05:50 (2685 turns).

cyrus the Skirmisher (Hill Orc Fighter)             Turns: 2685, Time: 00:05:51

Health: -3/41      AC: 14    Str: 18    XL:     4   Next: 53%
Magic:  4/4        EV:  5    Int: 10    God:    Vehumet [**....]
Gold:   145        SH:  4    Dex: 10    Spells: 1/3 levels left

rFire   . . .      SeeInvis .   a - +0 war axe
rCold   . . .      Faith    .   c - +0 buckler
rNeg    . . .      Spirit   .   f - +0 plate armour
rPois   .          Reflect  .   (no helmet)
rElec   .          Harm     .   o - +0 cloak
rCorr   .          Rampage  .   k - +0 pair of gloves
Will    .....                   (no boots)
Stlth   ..........              i - amulet of regeneration
HPRegen 0.93/turn               (no ring)
MPRegen 0.09/turn               (no ring)

@: mighty
A: no striking features
a: Renounce Religion


You were on level 3 of the Dungeon.
You worshipped Vehumet.
Vehumet was pleased with you.
You visited 1 branch of the dungeon, and saw 3 of its levels.

You collected 145 gold pieces.

Inventory:

Hand Weapons
 a - a +0 war axe (weapon)
Armour
 b - a +0 scale mail
 c - a +0 buckler (worn)
 f - a +0 plate armour (worn)
 k - a +0 pair of gloves (worn)
 o - a +0 cloak (worn)
Jewellery
 i - an amulet of regeneration (around neck)
Scrolls
 e - a scroll of amnesia {unknown}
 g - 2 scrolls of enchant weapon {unknown}
 j - a scroll of teleportation {unknown}
 m - a scroll of identify {unknown}
Potions
 h - 3 potions of degeneration {unknown}
 l - a potion of berserk rage {unknown}
 n - a potion of curing {unknown}


   Skills:
 + Level 4.4 Fighting
 + Level 3.9 Axes
 + Level 4.3 Armour
 + Level 3.5 Shields


You had one spell level left.
You knew the following spells:

 Your Spells              Type           Power      Damage    Failure   Level
a - Searing Ray           Conj           0%         2d4       100%        2

Your spell library contained the following spells:

 Spells                   Type           Power      Damage    Failure   Level


Dungeon Overview and Level Annotations

Branches:
Dungeon (3/15)

Altars:
Vehumet


Message History

Memorise Searing Ray, consuming 2 spell levels and leaving 1?
Vehumet grants you knowledge of Searing Ray.
You start memorising the spell.
You continue memorising. x2
You finish memorising.
You add the spell Searing Ray to your library.
Spell assigned to 'a'.
You see here a frilled lizard corpse.
There is an escape hatch in the floor here.
You open the door.
There is an open door here.
Found a whip.
You see here a +0 whip.
A bat comes into view.
A bat is nearby!
The bat hits you but does no damage. x2
You barely miss the bat. The bat closely misses you.
The bat hits you but does no damage.
You hit the bat.
You kill the bat!
Vehumet accepts your kill.
Found a stone staircase leading down.
An ogre comes into view. It is wielding a +0 giant club.
An ogre is nearby!
You feel very mighty all of a sudden. The ogre hits you with a +0 giant club!
You barely miss the ogre. The ogre barely misses you.
You hit the ogre.
The ogre is lightly wounded.
The ogre hits you with a +0 giant club!
You closely miss the ogre.
The ogre is lightly wounded.
The ogre barely misses you.
You slash the ogre!
The ogre is moderately wounded.
The ogre hits you with a +0 giant club!
* * * LOW HITPOINT WARNING * * *
The ogre hits you but does no damage. The ogre hits you with a +0 giant club!
The ogre hits you with a +0 giant club!!
You die...

#.# #.# #.# #.#
##############.# #.#
...............### #.#
###########......# #.# ..
............#.# #.#
###########.##.#.######.#
...# #.##.#.##.....# ##.#
#.##.#@##.##### #.#
..##.#.O..# ##.#
####.###### ...# #..
###################
..................#
.################.#####.#
.# #(.......#...........#
.# #.#..###.#.###.#######


You could see an ogre.

Vanquished Creatures
  An orc priest (D:3)
  An adder (D:3)
  A worm (D:2)
  3 orcs (D:3)
  4 bats
  4 endoplasms
  3 giant cockroaches
  4 hobgoblins
  A kobold (D:1)
  A quokka (D:3)
  6 ball pythons
  6 frilled lizards
  4 goblins
  5 rats
44 creatures vanquished.

Notes
Turn   | Place    | Note
-------+----------+-------------------------------------------
     0 | D:1      | cyrus the Hill Orc Fighter began the quest for the Orb.
     0 | D:1      | Reached XP level 1. HP: 19/19 MP: 1/1
   159 | D:1      | Reached XP level 2. HP: 27/27 MP: 2/2
  1764 | D:2      | Found a faded altar of an unknown god.
  1775 | D:2      | Reached XP level 3. HP: 25/34 MP: 3/3
  2161 | D:2      | Prayed at the altar of an unknown god.
  2161 | D:2      | Became a worshipper of Vehumet
  2161 | D:2      | Reached * piety under Vehumet
  2161 | D:2      | Offered knowledge of Shock by Vehumet.
  2173 | D:2      | You fall into a shaft and drop 1 floor!
  2430 | D:3      | Reached XP level 4. HP: 32/41 MP: 4/4
  2532 | D:3      | Offered knowledge of Searing Ray by Vehumet.
  2540 | D:3      | Learned a level 2 spell: Searing Ray
  2625 | D:3      | Reached ** piety under Vehumet
  2659 | D:3      | Noticed an ogre
  2685 | D:3      | Slain by an ogre

Illustrated notes

Levels and vault maps discovered:
D:1:      dpeg_arrival_oval, layout_basic, kennysheep_decorative_pillar
D:2:      layout_basic, hellmonk_ecumenical_altar_leap_of_faith,
          serial_co_window_serial, co_window_of_opportunity_a,
          co_window_paths_b, co_window_paths_b, co_window_corner_a,
          co_window_of_opportunity_a, co_window_paths_a, co_window_corner_a,
          co_window_corner_ca, co_window_corner_ca, co_window_of_opportunity_b,
          co_window_of_opportunity_b, co_window_of_opportunity_c,
          co_window_broadway_a, co_window_4corner_b, co_window_4corner_a
D:3:      layout_basic

Skill      XL: |  1  2  3 |
---------------+----------+-----
Fighting       | 4 |  4.4
Axes           | 3 |  3.9
Armour         | 4 |  4.3
Shields        | |  3.5

Action                   |  1- 3 |  4- 6 || total
-------------------------+-------+-------++-------
Melee: War axe           |    95 |    26 ||   121
  Use: Potion            |       |     1 ||     1
Armor: Plate armour      |    84 |    15 ||    99
       Scale mail        |     3 |       ||     3
Dodge: Dodged            |    35 |    11 ||    46
Block: Buckler           |    33 |     2 ||    35

Table legend: (Time is in decaauts)
 A = Elapsed time spent in this place.
 B = Non-inter-level travel time spent in this place.
 C = Inter-level travel time spent in this place.
 D = Time resting spent in this place.
 E = Time spent auto-exploring this place.
 F = Levels seen in this place.
 G = Mean time per level.
                   A        B        C        D        E       F      G
               +--------+--------+--------+--------+--------+-----+--------+
         Total |   2728 |   2495 |    233 |      0 |   1900 |   3 |  909.3 |
       Dungeon |   2728 |   2495 |    233 |      0 |   1900 |   3 |  909.3 |
               +--------+--------+--------+--------+--------+-----+--------+

Top non-repeatable levels by time:
     D:2: 1224 daAuts
     D:1: 973 daAuts
     D:3: 530 daAuts
